[Event "Czech Championship 2022"]
[Site "Usti nad Labem"]
[Date "2022.05.14"]
[Round "1.12"]
[White "Delgerdalai, Bayarjavkhlan"]
[Black "Vojta, Jakub"]
[Result "1-0"]
[ECO "D27"]
[WhiteElo "2119"]
[BlackElo "2396"]
[Annotator "TA"]
[PlyCount "77"]
[EventDate "2022.05.12"]
[EventType "swiss"]
[EventCountry "CZE"]
[SourceTitle "playchess.com"]
[Source "ChessBase"]
[SourceQuality "1"]
[TimeControl "40/5400+30:1800+30"]

1. d4 d5 2. c4 dxc4 3. e3 Nf6 4. Bxc4 e6 5. Nf3 a6 6. a4 c5 7. O-O Nc6 8. Nc3 b6 {[%emt 0:07:41] D27: Queen's Gambit Accepted: Classical main line: 7 e4!? and 7 a4.} 9. d5 Na5 10. Ba2 c4 {[%emt 0:15:19][%cal Rf6d5] White is slightly better.} 11. e4 {[%emt 0:04:38] [#]} Qc7 $146 (11... Bb4 $142) ({Predecessor:} 11... exd5 12. e5 Ne4 13. Nxe4 dxe4 14. Qxd8+ Kxd8 15. Ng5 Ke8 16. Nxe4 Bd7 17. Bd2 Nc6 {1-0 (28) Egorov,D (1721)-Karpytchev,V (2043) Ekaterinburg 2019}) 12. Bg5 Bd6 {[%emt 0:09:19] [#]} (12... Bb4 $16 {was necessary.}) 13. dxe6 (13. e5 $1 $18 Bxe5 14. Qe1) 13... fxe6 14. Qe2 {[%emt 0:13:38] e5 is the strong threat.} Ng4 {[%emt 0:10:11][%cal Rd6h2] Prevents e5.} 15. e5 Nxe5 16. Rfe1 ({Much weaker is} 16. Nxe5 Bxe5 17. f4 Bxc3 18. bxc3 O-O $11) (16. Rae1 $5 Nd3 17. Rd1 $11) 16... Nd3 17. Red1 $36 {[%emt 0:00:55][%mdl 2048] [#] Hoping for Ne4. Black is under pressure.} Nb4 $2 (17... O-O $1 $11 {and Black has nothing to worry.}) 18. Ne4 Be7 (18... Bxh2+ {keeps fighting.} 19. Nxh2 O-O) 19. Bxe7 $18 Kxe7 20. Qd2 Nd5 21. Qg5+ Kf8 22. Nc3 Nf6 (22... Qe7 $142 23. Nxd5 Qxg5 24. Nxg5 exd5) 23. Rd4 Bb7 24. Rad1 $2 (24. Ne5 $18) 24... Bxf3 $11 25. gxf3 Kf7 26. Ne4 {[%emt 0:01:36] aiming for Nxf6.} h6 (26... Rhd8 $1 $11) 27. Qd2 $16 {[%emt 0:02:23] Black must now prevent Nxf6. White is more active.} Qe5 (27... Nc6 $16 28. Rd6 (28. Rxc4 Rhd8 $14) 28... Rhd8) 28. Nxf6 $18 gxf6 29. Rd7+ Kg6 30. Kh1 (30. f4 $142 Qh5 31. Qe3 Qg4+ 32. Kh1 Qxd1+ 33. Rxd1) 30... Kh5 31. Rg1 {[%emt 0:01:13] Threatening mate with Qd1.} Rag8 {[%emt 0:01:25] Strongly threatening ...Rxg1+.} 32. Rdg7 Rxg7 33. Rxg7 Qf5 (33... Nb7 $142 34. Rxb7 Qf5) 34. Kg2 Rc8 $2 (34... Nc6 35. Bxc4 Ne5) 35. f4 (35. Qd7 $142 Rf8 36. Qe7) 35... Qd5+ 36. Qxd5+ {[%emt 0:00:13] White mates.} exd5 37. Bb1 c3 38. Bf5 cxb2 39. Rg3 {[%emt 0:00:28] Weighted Error Value: White=0.58/Black=0.82} 1-0

[Event "Czech Championship 2022"]
[Site "Usti nad Labem"]
[Date "2022.05.14"]
[Round "1.13"]
[White "Rubes, Jan"]
[Black "Hladky, Tadeas"]
[Result "1-0"]
[ECO "B10"]
[WhiteElo "2386"]
[BlackElo "2119"]
[Annotator "TA"]
[PlyCount "29"]
[EventDate "2022.05.12"]
[EventType "swiss"]
[EventCountry "CZE"]
[SourceTitle "playchess.com"]
[Source "ChessBase"]
[SourceQuality "1"]
[TimeControl "40/5400+30:1800+30"]

1. c4 c6 2. e4 d5 3. exd5 cxd5 4. cxd5 Qxd5 5. Nc3 Qa5 6. d4 Nf6 7. Nf3 e6 8. Bc4 Be7 9. O-O Nbd7 {[%emt 0:03:37] B10: Caro-Kann: 2 d3 and 2 c4.} (9... Nc6 $11) 10. Re1 $16 {[%emt 0:03:23] [#] Strongly threatening d5.} O-O 11. Bg5 Qd8 {[%emt 0:12:40] [#]} 12. Qe2 $146 {[%emt 0:05:47] White is much more active. The black rooks are badly placed.} ({Predecessor:} 12. Rc1 a6 13. Bd3 b5 14. Bb1 Bb7 15. Qd3 Re8 16. Nd2 h6 17. Bh4 g6 18. Re3 Nd5 19. Bxe7 Nxe7 {0-1 (25) Frank,C (1818)-Krneta,S (1767) Verden 2008}) 12... Nd5 (12... h6 $14) 13. Bxe7 ({Don't play} 13. Nxd5 Bxg5 14. Nxg5 Qxg5) 13... Nxc3 $2 {[%emt 0:33:35][%mdl 8192] [#]} (13... Nxe7 $16 14. Bxe6 Nf6) 14. Qxe6 $3 $18 Nd5 (14... fxe6 $142 15. Bxe6+ Kh8 16. Bxd8 Rxd8) (14... Qc7 15. Bd6) 15. Qe2 $2 {White took control after the opening.  Weighted Error Value: White=0.02 (flawless) /Black=1.13} (15. Qxd5 Qc7 16. Bd6) 1-0

[Event "Czech Championship 2022"]
[Site "Usti nad Labem"]
[Date "2022.05.14"]
[Round "1.14"]
[White "Bouska, Jiri"]
[Black "Nemec, Jachym"]
[Result "1-0"]
[ECO "B33"]
[WhiteElo "2117"]
[BlackElo "2367"]
[Annotator "TA"]
[PlyCount "75"]
[EventDate "2022.05.12"]
[EventType "swiss"]
[EventCountry "CZE"]
[SourceTitle "playchess.com"]
[Source "ChessBase"]
[SourceQuality "1"]
[TimeControl "40/5400+30:1800+30"]

1. e4 c5 2. Nf3 Nc6 3. d4 cxd4 4. Nxd4 Nf6 5. Nc3 e5 6. Ndb5 d6 7. Nd5 Nxd5 8. exd5 Nb8 9. a4 Be7 {[%emt 0:00:06] B33: Sicilian: Pelikan and Sveshnikov Variations.} 10. Bd3 O-O 11. O-O Nd7 {[%emt 0:00:31] The position is equal.} 12. Be3 a6 13. Na3 {[%emt 0:01:24][%cal Bb5a3,Ba3c4,Bc4b6][%mdl 32] [#]} (13. Qh5 $2 Nf6 14. Qh4 axb5 $19) 13... f5 $146 ({Predecessor:} 13... Nb6 14. c4 f5 15. f4 Nd7 16. fxe5 Nxe5 17. Bd4 Bd7 18. b4 Rc8 19. Be2 Ng6 {½-½ (38) Ivanovic,Z (2203)-Vidalina,F (2325) ICCF email 2006}) 14. f4 exf4 15. Bxf4 Ne5 16. Kh1 g5 17. Bxe5 dxe5 18. Nc4 e4 (18... Qxd5 19. Nb6 Qc5 20. Nxa8 $16) 19. Be2 Bf6 20. a5 {[%emt 0:03:40] With the idea Nb6.} f4 (20... Rb8 $11 {remains equal.}) 21. Nb6 Rb8 22. d6 {[%emt 0:10:52][%cal Bd5d6,Bd6d7][%mdl 32] Hoping for d7.} Be6 (22... Bxb2 $2 23. Rb1 $18) 23. Bg4 (23. Ra4 $1 $16 ) 23... Qe8 ({Black should try} 23... Bxg4 $14 24. Qxg4 Qxd6) 24. Ra4 {[%emt 0:05:52] White is more active.} ({Only move:} 24. d7 $16 Qf7 25. Ra4) 24... e3 (24... Bxg4 $14 25. Qxg4 Rd8) 25. d7 $18 Qf7 (25... Qe7 $16) 26. Re4 Bxg4 27. Qxg4 {[%emt 0:00:10] aiming for Rexf4.} Kh8 {[%emt 0:01:49] [#]} (27... Rbd8 $142 28. Rexf4 h5) 28. Rd1 $2 ({Better is} 28. Nc8 $1 $18) 28... Rbd8 $1 $14 (28... Qg6 29. Re6 Rbd8 30. Nd5 $16) 29. Na4 {[%emt 0:07:01] Nc5 is the strong threat.} Qg6 30. Nc5 $36 {[%emt 0:01:05][%mdl 2048] Strongly threatening Rd6. White has some pressure.} Bxb2 31. h4 $2 (31. Rd3 $1 $14 {keeps the upper hand.}) 31... Ba3 $17 32. Re6 (32. Re5 $142 Bxc5 33. Rxc5) 32... Qxc2 $2 (32... Qg7 $17 33. Ne4 Rxd7 34. Rxd7 Qxd7 35. Nxg5 {[#]} Rf6 $3 ) 33. Nxb7 $11 f3 $1 34. Qd4+ Kg8 35. gxf3 {[%emt 0:00:44] Intending Rg1 and mate. The board is on fire.} Qf5 $2 (35... Bb2 $2 36. Qd3 (36. Qd5 Rxd7 37. Qxd7 Qf2 $11) 36... Qxd3 37. Rxd3 $18) (35... Rxd7 $11 36. Qxd7 Qf2) 36. Qg4 $18 Qc2 37. Qxg5+ Kh8 38. Qe5+ {[%emt 0:00:04] Weighted Error Value: White=0.31/Black=0.44} 1-0

[Event "Czech Championship 2022"]
[Site "Usti nad Labem"]
[Date "2022.05.14"]
[Round "1.15"]
[White "Stalmach, Richard"]
[Black "Pokrupa, Marek"]
[Result "1-0"]
[ECO "A59"]
[WhiteElo "2350"]
[BlackElo "2117"]
[Annotator "TA"]
[PlyCount "71"]
[EventDate "2022.05.12"]
[EventType "swiss"]
[EventCountry "CZE"]
[SourceTitle "playchess.com"]
[Source "ChessBase"]
[SourceQuality "1"]
[TimeControl "40/5400+30:1800+30"]

1. d4 Nf6 2. c4 c5 3. d5 b5 4. cxb5 a6 5. bxa6 g6 6. Nc3 Bxa6 7. e4 Bxf1 8. Kxf1 d6 9. Nf3 Bg7 10. g3 Nbd7 11. Kg2 O-O 12. a4 {[%emt 0:01:16] A59: Benko/Volga Gambit: White castles by hand.} Ra6 13. Qc2 {[%emt 0:02:30] 13.Qe2 might become the main line.} Qa8 14. Re1 {[%emt 0:02:47] White is better.} Rb8 15. b3 {[%emt 0:10:16] was the old line (15.Ra3).} Ne8 (15... c4 $14) 16. Bg5 Kf8 {[%emt 0:04:54] [#]} 17. h4 $146 ({Predecessor:} 17. Nd2 Nc7 18. Nc4 Nb6 19. Na3 Ncxd5 20. Nxd5 Nxd5 21. Rac1 Nc7 22. Bd2 Rab6 23. Rb1 {½-½ (23) Horvath,P (2482)-Brustkern,J (2288) Budapest 2002}) 17... Rab6 18. Nd2 Qa6 (18... c4 $142) 19. Rab1 $16 Nc7 20. Nc4 R6b7 21. Bf4 Nb6 22. Na3 {[%emt 0:07:35][%cal Oh4h5] 0x0.001b5a0e3fd8dp-1022s more active pieces.} c4 (22... h5 $16 23. Rec1 Kg8) 23. b4 {[%emt 0:06:50][%cal Bb3b4,Bb4c5,Bc5c6,Bc6c7][%mdl 32] Threatens to win with Be3.} Nxa4 $2 {[%emt 0:01:02] [#]} (23... Kg8 {might work better.} 24. Rec1 Bxc3 25. Qxc3 Qxa4 26. Nxc4 Nxc4) 24. Nxa4 Ra8 25. Nc5 dxc5 26. bxc5 c3 (26... Rxb1 27. Nxb1 Qa5) 27. Rxb7 $18 Qxb7 28. Rb1 Qa6 29. Bxc7 Qxa3 30. c6 Qc5 31. Bf4 Rc8 32. Rb7 f5 (32... Qd4 $142 33. c7 Be5 34. Bxe5 Qxe5) 33. c7 Kf7 34. Qa4 {[%emt 0:03:31] [#] White threatens Qd7 and mate.} c2 35. Qd7 Rf8 36. Qe6+ {[%emt 0:00:06] Weighted Error Value: White=0.33/Black=0.66} 1-0

[Event "Czech Championship 2022"]
[Site "Usti nad Labem"]
[Date "2022.05.14"]
[Round "1.16"]
[White "Kozak, Milos"]
[Black "Mikes, Jan"]
[Result "1/2-1/2"]
[ECO "E04"]
[WhiteElo "2114"]
[BlackElo "2349"]
[Annotator "TA"]
[PlyCount "61"]
[EventDate "2022.05.12"]
[EventType "swiss"]
[EventCountry "CZE"]
[SourceTitle "playchess.com"]
[Source "ChessBase"]
[SourceQuality "1"]
[TimeControl "40/5400+30:1800+30"]

1. d4 Nf6 2. c4 e6 3. g3 d5 4. Nf3 dxc4 5. Bg2 c5 6. O-O Nc6 7. dxc5 Qxd1 8. Rxd1 Bxc5 9. Nbd2 c3 10. bxc3 O-O 11. Nb3 Be7 {[%emt 0:00:12] E04: Open Catalan: 5 Nf3.} 12. Bb2 Bd7 13. c4 Rfc8 {[%emt 0:00:28] The position is equal.} 14. Rac1 {[%emt 0:04:21] [#] aiming for Bxf6.} Be8 15. Nfd4 a5 16. Nxc6 Bxc6 {[%emt 0:00:27] [#]} 17. Bxc6 $146 ({Predecessor:} 17. Nd4 Bxg2 18. Kxg2 Rd8 19. Nb5 Rxd1 20. Rxd1 Rc8 21. Ba3 Bxa3 22. Nxa3 Ne4 23. Rb1 {½-½ (32) Howell,D (2646)-Fridman,D (2626) Warsaw 2021}) 17... Rxc6 18. Nd4 Rb6 19. Nb5 a4 20. Bd4 Rc6 21. Na7 Rd6 22. Nb5 Rdd8 23. Rd3 a3 24. Bb6 Rxd3 25. exd3 Nd7 26. Be3 Ne5 27. Rc3 Rd8 28. d4 Nc6 29. c5 e5 30. dxe5 Nxe5 31. Nxa3 {[%emt 0:03:25] Weighted Error Value: White=0.03 (flawless) /Black=0.04 (flawless)} 1/2-1/2

[Event "Czech Championship 2022"]
[Site "Usti nad Labem"]
[Date "2022.05.14"]
[Round "1.17"]
[White "Stinka, Jakub"]
[Black "Paulus, Vaclav"]
[Result "1-0"]
[ECO "A65"]
[WhiteElo "2345"]
[BlackElo "2093"]
[Annotator "TA"]
[PlyCount "73"]
[EventDate "2022.05.12"]
[EventType "swiss"]
[EventCountry "CZE"]
[SourceTitle "playchess.com"]
[Source "ChessBase"]
[SourceQuality "1"]
[TimeControl "40/5400+30:1800+30"]

1. d4 Nf6 2. c4 g6 3. Nc3 Bg7 4. e4 d6 5. h3 O-O 6. Bg5 c5 7. d5 e6 8. Bd3 exd5 9. cxd5 Re8 {[%emt 0:00:13][%cal Of6e4] A65: Modern Benoni: 6 e4.} 10. Nge2 Nbd7 11. O-O h6 {[%emt 0:01:11] The position is equal.} 12. Be3 (12. Bf4 $5 ) 12... a6 13. a4 c4 (13... Ne5 $11) 14. Bc2 $14 (14. Bxc4 Nxe4 15. Re1 Ne5 $11) 14... Qc7 {[%emt 0:02:35] [#]} 15. Qd2 $146 ({Predecessor:} 15. f4 b6 16. Qd2 Kh7 17. Ng3 Rb8 18. e5 dxe5 19. f5 Nc5 20. d6 Qc6 21. fxg6+ fxg6 22. Rxf6 Bxf6 {1-0 (29) Santiago,Y (2472)-Quishpe Vaca,A (2006) Guayaquil 2019}) 15... Kh7 16. Ng3 Nc5 17. f4 Nfd7 (17... b6 $16) 18. Rae1 b5 (18... Nd3 $16) 19. axb5 {[%emt 0:02:32][%cal Oe4e5] Strongly threatening e5!} axb5 (19... Nd3 $142) 20. e5 $18 (20. Nxb5 Qb6 21. Nd4 Nf6 $16) 20... dxe5 21. f5 (21. Nxb5 Qb8 22. Nh5 Bh8 23. fxe5 Nxe5 24. Bxc5 Qxb5 $14) 21... Nd3 22. fxg6+ (22. Nxb5 Qa5 23. Nd6 (23. Bxd3 cxd3 24. Nd6 Qxd2 $16) 23... Qxd2 24. Bxd2 Nxe1 25. Rxe1 Rf8 $16) 22... fxg6 23. Bxd3 (23. Nxb5 Qa5 24. Bxd3 cxd3 $16) 23... cxd3 {[%emt 0:00:08] [#]} 24. Rf7 {[%emt 0:01:13] Hoping for Bxh6.} ({Less strong is} 24. Nxb5 Qa5 25. Ne4 (25. Qxd3 $2 Ba6 $19) 25... Rf8 26. Rxf8 (26. Qxd3 Ba6 $15) 26... Qxd2 27. Bxd2 Nxf8 $16) (24. Qxd3 Nf6 $14) 24... b4 $2 (24... Kg8) 25. Bxh6 bxc3 26. Rxg7+ Kh8 27. Qxd3 cxb2 28. Rxg6 {[%emt 0:05:46] [#] Intending Bg7+ and mate.} ({Don't go for} 28. Qxg6 $2 Qb6+ 29. Qxb6 Nxb6 $19) 28... Nc5 29. Qf3 {[%emt 0:02:37] Qf6+ would kill now.} Ra6 {[%emt 0:01:34] Prevents Qf6+.} 30. Rxa6 Bxa6 31. Qh5 {[%emt 0:01:15] White wants to mate with Nf5.} Bb5 32. Nf5 Qh7 33. Bg7+ Kg8 34. Qg5 Nd3 35. Nh6+ {[%emt 0:00:40] White mates.} Qxh6 36. Bxh6+ Kf7 37. Qg7# {[%emt 0:29:17] Black did not feel at home in the position after the opening.  Weighted Error Value: White=0.28 (precise) /Black=0.88} 1-0

[Event "Czech Championship 2022"]
[Site "Usti nad Labem"]
[Date "2022.05.14"]
[Round "1.18"]
[White "Ret, Adam Josef"]
[Black "Horak, Martin"]
[Result "0-1"]
[ECO "A43"]
[WhiteElo "2093"]
[BlackElo "2343"]
[Annotator "TA"]
[PlyCount "86"]
[EventDate "2022.05.12"]
[EventType "swiss"]
[EventCountry "CZE"]
[SourceTitle "playchess.com"]
[Source "ChessBase"]
[SourceQuality "1"]
[TimeControl "40/5400+30:1800+30"]

1. d4 Nf6 2. Nf3 c5 3. d5 b5 4. e3 Qb6 {[%emt 0:12:17] [#]} 5. b3 $146 ({Predecessor:} 5. c4 bxc4 6. Bxc4 g6 7. Nc3 Bg7 8. O-O d6 9. Qc2 O-O 10. e4 Ba6 11. Nd2 Nbd7 {½-½ (22) Voicu,T (1782)-Bantescu,D (1872) Calimanesti Caciulata 2019}) 5... g6 (5... Bb7 $11 {might be stronger.}) 6. c4 {[%emt 0:02:20] A43: Schmid Benoni.} Bg7 7. Bb2 bxc4 8. Bxc4 {[%emt 0:00:25] White is slightly better.} O-O 9. Qe2 (9. O-O $14) 9... d6 10. h3 Ba6 11. Nc3 Bxc4 (11... Ne4 {is interesting.} 12. Nxe4 Bxb2 13. Rb1 Qa5+) 12. Qxc4 Nbd7 13. O-O Qb4 14. Qe2 Nb6 15. Rfd1 a5 16. Rab1 {[%emt 0:10:41] aiming for a3.} a4 17. Ba1 Qa5 18. e4 Nfd7 19. Nxa4 Nxa4 20. Bxg7 Kxg7 21. bxa4 Qxa4 22. Rb7 (22. e5 $11) 22... Rfb8 $17 23. Rdb1 Rxb7 24. Rxb7 Ra7 25. Rxa7 Qxa7 $11 {[%emt 0:00:05][%mdl 4096] Endgame KQN-KQN} 26. e5 Nb6 (26... Qa3 $15 {should be considered.} 27. Kh2 Qa4) 27. exd6 exd6 28. Qb2+ f6 29. Ng5 (29. Qb5 $11) 29... Nxd5 $17 30. Ne4 Qe7 31. f3 Nb4 {[%emt 0:06:34] White must now prevent ...d5.} 32. a3 (32. Qc3 $17) 32... d5 $1 $19 33. axb4 dxe4 {[%emt 0:00:05] KQ-KQ} 34. b5 exf3 35. gxf3 Qe1+ 36. Kg2 {[%emt 0:00:12] [#]} c4 $1 37. b6 c3 38. Qf2 (38. Qb3 Qd2+ 39. Kg3 c2 40. Qc4 Qe1+ 41. Kg2 c1=Q 42. Qc7+ Qxc7 43. bxc7 Qc3 44. Kf2 Qxc7 45. Ke2 Qc3 46. f4 Kh6 47. Kf2 Qd3 48. f5 gxf5 49. Kg2 f4 50. h4 Qg3+ 51. Kf1 f3 52. h5 Qg2+ 53. Ke1 Qe2#) 38... Qb1 {[%emt 0:02:17] ( -> ...c2)} 39. Qc5 $2 {[%emt 0:01:21] [#]} (39. Qe3 $19) 39... Qb2+ $1 {[%emt 0:00:56] Black mates.} 40. Kg3 c2 41. b7 c1=Q 42. Qxc1 Qxc1 43. b8=Q Qg1+ {[%emt 0:00:06] Weighted Error Value: White=0.40/Black=0.11 (very precise)} 0-1

[Event "Czech Championship 2022"]
[Site "Usti nad Labem"]
[Date "2022.05.14"]
[Round "1.19"]
[White "Mica, Marek"]
[Black "Sykora, Ondrej"]
[Result "1-0"]
[ECO "A04"]
[WhiteElo "2343"]
[BlackElo "2092"]
[Annotator "TA"]
[PlyCount "69"]
[EventDate "2022.05.12"]
[EventType "swiss"]
[EventCountry "CZE"]
[SourceTitle "playchess.com"]
[Source "ChessBase"]
[SourceQuality "1"]
[TimeControl "40/5400+30:1800+30"]

1. Nf3 d6 2. g3 Bg4 3. Bg2 e5 4. d4 Nc6 5. c3 Be7 {[%emt 0:04:46] [#]} 6. Qb3 $146 {[%emt 0:06:28] A04: Unusual lines after 1 Nf3 and King's Indian Attack.} ({Predecessor:} 6. O-O Nf6 7. b4 e4 8. Ne1 Qd7 9. Bg5 d5 10. Nd2 O-O 11. f3 exf3 12. exf3 {½-½ (21) Spassov,L (2420)-Teichmann,E (2290) Metz 1991}) 6... Bc8 7. O-O exd4 ({Black should try} 7... e4 $14) 8. Nxd4 $16 {[%emt 0:02:03] White is better.} Nxd4 9. cxd4 c6 10. e4 {[%emt 0:00:58] Prevents d5.} Qb6 11. Be3 Qxb3 12. axb3 Nf6 13. d5 {[%emt 0:01:25] Prevents Be6.} c5 14. h3 a6 15. Na3 Bd7 16. Nc4 {[%emt 0:07:26] aiming for e5.} Bb5 17. Rfd1 {[%emt 0:01:52] 0x0.00215a4a604bdp-1022s more active pieces. The black rooks are badly placed.} (17. e5 $16 Bxc4 18. bxc4 dxe5 19. d6 Bxd6 20. Bxb7) 17... Bxc4 18. bxc4 Nd7 $1 19. f4 Bf6 {[%emt 0:02:00] Prevents e5.} 20. Ra3 O-O-O {[%emt 0:00:32] [#]} (20... a5 $14) 21. Rb1 $1 Nb6 {[%emt 0:07:08] [#]} 22. Bf1 Rde8 23. Bd3 Nd7 24. Kg2 Bd8 25. Kf3 a5 26. Bc2 Re7 (26... g5 $14) 27. Bd2 b6 28. Re3 Ree8 ({Better is} 28... f6 29. Rg1 g5) 29. Ba4 Bf6 30. Bc3 Reg8 $2 {[%emt 0:09:40][%mdl 8192] This costs Black the game.} (30... Bxc3 $16 31. bxc3 (31. Rxc3 Kc7 $16) 31... Re7) 31. e5 $18 {[%emt 0:01:33] White is clearly winning.} dxe5 32. fxe5 Bg5 33. Re2 Be7 34. Kg2 {[%emt 0:01:57] And now Rf1 would win.} f6 (34... Re8 $142 35. Rbe1 Rhg8) 35. d6 {[%emt 0:00:19] Weighted Error Value: White=0.17 (very precise) /Black=0.45} 1-0

[Event "Czech Championship 2022"]
[Site "Usti nad Labem"]
[Date "2022.05.14"]
[Round "1.20"]
[White "Jirasko, Miroslav"]
[Black "Sorm, Daniel"]
[Result "1/2-1/2"]
[ECO "B31"]
[WhiteElo "2091"]
[BlackElo "2306"]
[Annotator "TA"]
[PlyCount "126"]
[EventDate "2022.05.12"]
[EventType "swiss"]
[EventCountry "CZE"]
[SourceTitle "playchess.com"]
[Source "ChessBase"]
[SourceQuality "1"]
[TimeControl "40/5400+30:1800+30"]

1. e4 c5 2. Nf3 Nc6 3. Bb5 g6 4. Bxc6 dxc6 5. d3 Bg7 6. O-O Nf6 7. h3 O-O 8. Nc3 Ne8 9. Be3 b6 {[%emt 0:00:15] B31: Sicilian: 2...Nc6 3 Bb5 g6.} 10. Qc1 Nc7 11. Bh6 Ne6 12. Ne2 Ba6 13. Bxg7 Kxg7 {[%emt 0:00:06] [#]} 14. b3 $146 {[%emt 0:00:04] Against c4} (14. Ne5 f6 15. Ng4 (15. Nxc6 $2 Qd6 $19) 15... c4 $11) ({Predecessor:} 14. Qe3 Qc7 15. Rfd1 Rfd8 16. Rd2 Rd7 17. Rad1 Rad8 18. c3 Nf8 19. Nh2 e5 20. Ng4 {1-0 (54) Radlovacki,J (2371)-Terbe,Z (2160) Budapest 2015}) 14... f6 15. Nh2 Nd4 16. Nxd4 cxd4 17. Ng4 Bc8 18. Qh6+ Kg8 19. Nh2 Rf7 20. f4 c5 21. Rae1 Be6 22. Re2 Qd7 23. Rfe1 Rg7 24. e5 f5 25. Nf3 b5 (25... Bd5 $11) 26. Ng5 $14 Rc8 27. h4 {[%emt 0:02:33] And now h5 would win.} Rc6 28. h5 {[%emt 0:05:42] Black must now prevent hxg6.} Qe8 29. g4 gxh5 (29... fxg4 $2 30. Nxe6 Rxe6 31. f5 $18) 30. gxh5 $2 (30. Nxe6 $2 Rg6 31. Qf8+ (31. Ng7 $2 Rxg7 32. Qxg7+ Kxg7 $19) 31... Qxf8 32. Nxf8 Rxg4+ 33. Kh1 Kxf8 $19) (30. Rh2 $11) 30... Bf7 $2 (30... Qb8 $19 31. Rf2 c4 32. bxc4 bxc4 33. dxc4 Qc8) 31. e6 $40 {[%emt 0:00:00][%mdl 128] White attacks with force.} Bxh5 32. Rh2 Bg6 33. Ree2 $1 {[%emt 0:00:00] 0x0.0024f7dd4ec8dp-1022s more active pieces.} c4 (33... Qf8 $16 {might work better.}) 34. Reg2 $1 $18 cxd3 (34... Qc8 {was worth a try.} 35. Kf1 (35. Nxh7 Qxe6 36. Rh3 Qd5 $18) 35... Rxe6) 35. Nxh7 $1 {[%emt 0:00:00][%cal Oh7f6] White wants to mate with Nf6+!} Rxe6 {[%emt 0:00:00] [#]} 36. Ng5 $1 ({Avoid the trap} 36. cxd3 $2 Qc6 37. Rh4 Re1+ 38. Kh2 {[#]} Qc1 $1 $19) 36... Re1+ 37. Kf2 Re2+ 38. Kf1 {[%emt 0:00:00][%csl Gh2][%cal Rh6h8] Chess con chili.} Bh7 {[%emt 0:00:00] aiming for ...dxc2.} 39. Rxe2 dxe2+ 40. Rxe2 {[%emt 0:00:20] Qe6+ is the strong threat.} ({Not} 40. Kxe2 Qg6 41. Qxg6 Bxg6 $16) 40... Qc8 (40... d3 $142 41. cxd3 Qc8 42. Qe6+ Qxe6 43. Rxe6 b4) 41. Qe6+ $2 (41. Rh2 d3 42. Ne6 (42. cxd3 Qc1+ 43. Ke2 Qc2+ 44. Ke3 Qc1+ 45. Kf3 Qf1+ 46. Ke3 Qc1+ 47. Kf3 Qf1+ 48. Ke3 Qc1+ $11)) 41... Qxe6 42. Rxe6 {[%emt 0:00:06][%mdl 4096] Endgame KRB-KRN} Kf8 (42... Bg6 $16 43. Rc6 Kh8) 43. Rc6 ({Only move:} 43. Re5 $18 {Hoping for Ne6+.} Bg8 44. Rxf5+ Ke8 45. Rxb5) 43... Ke8 $14 44. Ke2 Bg8 45. Rc5 b4 (45... a6 $14) 46. Kd3 $16 Rg6 47. Kxd4 Rd6+ 48. Ke5 Kd7 {[%emt 0:00:00] Against Rc8} 49. Ra5 Kc6 $2 (49... a6 $16 {keeps fighting.}) 50. Kxf5 $2 (50. Ra6+ $18 Kc5 51. Rxd6 exd6+ 52. Kxf5) 50... Rd5+ $11 {[%emt 0:02:51] The position is equal.} 51. Rxd5 Kxd5 {[%emt 0:00:01] KB-KN} 52. Kg6 Kd4 53. Kg7 Bd5 54. Kf8 Ke3 55. Kxe7 Kxf4 56. Kd6 Bg8 57. Ne6+ Ke3 $1 58. Kc5 {[%emt 0:00:00] Strongly threatening Nd4.} Bxe6 59. Kxb4 Kd4 60. c4 a5+ 61. Kxa5 Bxc4 62. bxc4 Kxc4 63. Kb6 {[%emt 0:00:00] Threatens to win with a4.} Kb4 {[%emt 0:00:03] Never resign too early!  Weighted Error Value: White=0.26 (precise) /Black=0.34} 1/2-1/2